 Dungeon Crawl Stone Soup version 0.30.1-3-gfc49f6343a (webtiles) character file.

Game seed: 1574698695475130734

195 Martska the Chopper (level 5, -8/47 HPs)
             Began as a Minotaur Gladiator on July 20, 2023.
             Was an Initiate of Qazlal.
             Mangled by an ogre
             ... wielding a +0 giant club
              (11 damage)
             ... on level 4 of the Dungeon.
             The game lasted 00:03:27 (2591 turns).

Martska the Chopper (Minotaur Gladiator)            Turns: 2591, Time: 00:03:28

Health: -8/47      AC:  3    Str: 20    XL:     5   Next: 45%
Magic:  4/4        EV: 13    Int:  5    God:    Qazlal [......]
Gold:   159        SH:  0    Dex: 12    Spells: 4/4 levels left

rFire   . . .        a - +0 war axe
rCold   . . .        (no shield)
rNeg    . . .        b - +0 leather armour
rPois   .            c - +0 hat
rElec   .            (no cloak)
rCorr   .            (no gloves)
SInv    .            (no boots)
Will    .....        i - amulet of the acrobat
Stlth   +            (no ring)
HPRegen 0.27/turn    (no ring)
MPRegen 0.09/turn

%: acrobat
@: no status effects
A: horns 2, retaliatory headbutt
a: Renounce Religion


You were on level 4 of the Dungeon.
You worshipped Qazlal.
Qazlal was noncommittal.
You visited 1 branch of the dungeon, and saw 4 of its levels.

You collected 159 gold pieces.

Inventory:

Hand Weapons
 a - a +0 war axe (weapon)
Missiles
 d - 3 throwing nets (quivered)
Armour
 b - a +0 leather armour (worn)
 c - a +0 hat (worn)
Jewellery
 g - a ring of fire
 i - an amulet of the acrobat (around neck)
Scrolls
 k - a scroll of immolation {unknown}
 m - a scroll of noise {unknown}
 o - a scroll of identify {unknown}
 p - a scroll of teleportation {unknown}
 r - 2 scrolls of blinking {unknown}
 w - 2 scrolls of vulnerability {unknown}
 y - a scroll of enchant armour {unknown}
 z - a scroll of summoning {unknown}
Potions
 f - 3 potions of curing {unknown}
 h - 3 potions of heal wounds {unknown}
 j - a potion of resistance {unknown}
 l - 2 potions of attraction {unknown}
 n - 2 potions of haste {unknown}
 q - a potion of cancellation {unknown}
 s - 2 potions of mutation {unknown}
 t - a potion of ambrosia {unknown}
 u - 3 potions of degeneration {unknown}
 v - a potion of invisibility {unknown}
 x - a potion of magic {unknown}
 A - a potion of flight {unknown}
 B - 2 potions of berserk rage {unknown}


   Skills:
 * Level 4.6 Fighting
 * Level 5.3 Axes
 - Level 2.0 Throwing
 + Level 4.2 Dodging
 * Level 1.1 Invocations


You had 4 spell levels left.
You didn't know any spells.
Your spell library contained the following spells:

 Spells                   Type           Power      Damage    Failure   Level
 Lesser Beckoning         Tloc           0%         N/A       67%         2
 Gell's Gravitas          Tloc           0%         N/A       88%         3
 Teleport Other           Tloc           0%         N/A       88%         3
 Dispersal                Tloc           0%         N/A       100%        6


Dungeon Overview and Level Annotations

Branches:
Dungeon (4/15)
 Temple: D:4-7

Altars:
Qazlal
Ru
Yredelemnul
Zin


Innate Abilities, Weirdness & Mutations

You have a pair of horns on your head.
You reflexively headbutt those who attack you in melee.


Message History

The hobgoblin is almost dead.
The hobgoblin closely misses you.
You hit the hobgoblin.
You kill the hobgoblin!
Qazlal accepts your kill.
No target in view!
No target in view!
No target in view!
B - 2 cyan potions You open the door.
An ogre comes into view. It is wielding a +0 giant club.
The ogre shouts!
An ogre is nearby!
An ogre is nearby!
There is an open door here.
Throw: javelin
Press: ? - help, Q - select action, (/) - cycle Shift-Dir - straight line, f - ogre
Aim: an ogre, wielding a +0 giant club (75% to hit)
You throw a javelin. The javelin pierces through the ogre!
The ogre is heavily wounded.
A goblin comes into view. It is wielding a +0 dagger.
You start putting on your amulet.
You continue putting on your amulet of the acrobat. x2
The ogre hits you with a +0 giant club!!
Keep equipping yourself?
Ouch! That really hurt!
You continue putting on your amulet of the acrobat. x2
The ogre misses you.
You continue putting on your amulet of the acrobat.
The ogre hits you with a +0 giant club!!
* * * LOW HITPOINT WARNING * * *
You finish putting on your amulet of the acrobat.
You feel ready to tumble and roll out of harm's way.
i - an amulet of the acrobat (around neck)
You barely miss the ogre.
The ogre is heavily wounded.
You barely miss the ogre. Your headbutt misses the ogre.
The ogre is heavily wounded.
You closely miss the goblin. The ogre hits you with a +0 giant club!
You die...

#.## #.# #... #.# ####
.#+# #.# #...# #.# #
.....# ####.# ## ......#
##.#..##### #.
......g####.........####
(.....O@......†.........
.......####.....###.####
......# ##.##.# #.#
.....# #.##.# #.# #....
#.##.###.# ##..
#........# #. ####.#####
#. #.# #.#


You could see an ogre and a goblin.

Vanquished Creatures
  A scorpion (D:4)
  Ijyb (D:3)
  A gnoll (D:1)
  2 adders
  2 worms (D:2)
  2 dart slugs (D:1)
  6 ball pythons
  9 endoplasms
  8 giant cockroaches
  9 goblins
  7 hobgoblins
  4 bats
  6 frilled lizards
  9 kobolds
  8 rats
75 creatures vanquished.

Notes
Turn   | Place    | Note
-------+----------+-------------------------------------------
     0 | D:1      | Martska the Minotaur Gladiator began the quest for the Orb.
     0 | D:1      | Reached XP level 1. HP: 18/18 MP: 0/0
    77 | D:1      | Reached XP level 2. HP: 24/25 MP: 1/1
   158 | D:1      | Reached skill level 4 in Axes
   350 | D:1      | Reached XP level 3. HP: 30/31 MP: 2/2
   406 | D:1      | Found a faded altar of an unknown god.
  1080 | D:2      | Reached XP level 4. HP: 32/40 MP: 3/3
  1454 | D:3      | Noticed Ijyb
  1464 | D:3      | Killed Ijyb
  1465 | D:3      | Reached skill level 5 in Axes
  2367 | D:4      | Found a stormy altar of Qazlal.
  2367 | D:4      | Found a sacrificial altar of Ru.
  2368 | D:4      | Found a glowing silver altar of Zin.
  2372 | D:4      | Became a worshipper of Qazlal Stormbringer
  2388 | D:4      | Found a basalt altar of Yredelemnul.
  2404 | D:4      | Noticed a scorpion
  2417 | D:4      | Killed a scorpion
  2418 | D:4      | Reached skill level 1 in Invocations
  2418 | D:4      | Reached XP level 5. HP: 28/47 MP: 4/4
  2582 | D:4      | Noticed an ogre
  2589 | D:4      | HP: 2/47 [ogre/+0 giant club (22)]
  2591 | D:4      | Mangled by an ogre

Illustrated notes

Levels and vault maps discovered:
D:1:      minmay_arrival_shoal_huts, layout_rooms,
          shapermc_ecumenical_altar_acropolis, minmay_worlds_worst_comb
D:2:      layout_rooms, kennysheep_minor_cross, grunt_ministairs_11,
          minmay_misc_feat_tower, chequers_serial_rivers_small_b,
          minmay_goblin_kobold_house
D:3:      layout_loops_ring, minmay_misc_feat_five, uniq_ijyb
D:4:      layout_loops_corners, nicolae_overflow_quartered_altars

Skill      XL: |  1  2  3  4 |
---------------+-------------+-----
Axes           | 4 5 |  5.3
Fighting       | 3 4 |  4.6
Dodging        | 4 |  4.2
Invocations    | 1 |  1.1
Throwing       | |  2.0

Action                     |  1- 3 |  4- 6 || total
---------------------------+-------+-------++-------
  Melee: War axe           |    71 |    60 ||   131
         Headbutt          |     9 |     9 ||    18
  Throw: Javelin           |       |     1 ||     1
   Stab: Sleeping          |     1 |     1 ||     2
 Armour: Leather armour    |    16 |     9 ||    25
  Dodge: Dodged            |    46 |    33 ||    79
